 Dungeon Crawl Stone Soup version 0.23-a0-307-gc3b755d (webtiles) character file.

50 iamserjio the Gusty (level 3, 2/20 HPs)
             Began as a Tengu Air Elementalist on Oct 10, 2018.
             Quit the game on level 3 of the Dungeon.
             The game lasted 00:04:39 (597 turns).

iamserjio the Gusty (Tengu Air Elementalist)         Turns: 597, Time: 00:04:40

Health: 2/20       AC:  2    Str:  7 (8)  XL:     3   Next: 79%
Magic:  0/7        EV: 12    Int: 13 (16) God:
Gold:   142        SH:  0    Dex: 12 (14) Spells: 5/6 levels left

rFire    . . .     SeeInvis .     - Unarmed
rCold    . . .     Gourm    .   (no shield)
rNeg     . . .     Faith    .   a - +0 robe
rPois    .         Spirit   +   (helmet restricted)
rElec    .         Reflect  .   k - scarf {Spirit}
rCorr    .         Harm     .   (no gloves)
MR       .....                  (boots unavailable)
Stlth    ++........             (no amulet)
HPRegen  0.06/turn              (no ring)
MPRegen  0.10/turn              (no ring)

@: no status effects
A: beak, talons 3
a: no special abilities


You were on level 3 of the Dungeon.
You were not hungry.

You visited 1 branch of the dungeon, and saw 3 of its levels.

You collected 142 gold pieces.

Inventory:

Hand Weapons
 b - a +0 hunting sling
Armour
 a - a +0 robe (worn)
 h - a +0 ring mail
 k - a scarf of spirit shield (worn)
Jewellery
 p - a +4 ring of protection {unknown}
Scrolls
 e - a scroll of enchant weapon {unknown}
 g - 2 scrolls of identify {unknown}
 i - a scroll of magic mapping {unknown}
 l - a scroll of random uselessness {unknown}
 o - a scroll of teleportation {unknown}
Comestibles
 c - 4 rations
 m - a chunk of flesh


   Skills:
 + Level 1.1 Fighting
 - Level 2.2 Dodging
 - Level 2.0 Stealth
 * Level 2.1 Unarmed Combat
 - Level 2.0 Spellcasting
 - Level 2.0 Conjurations
 + Level 4.5 Air Magic


You had 5 spell levels left.
You knew the following spells:

 Your Spells              Type           Power        Failure   Level  Hunger
a - Shock                 Conj/Air       #...         7%          1    ##.....

Your spell library contained the following spells:

 Spells                   Type           Power        Failure   Level  Hunger
 Swiftness                Chrm/Air       #.......     16%         2    ###....
 Static Discharge         Conj/Air       #.......     21%         3    ####...
 Airstrike                Air            ##........   36%         4    #####..
 Lightning Bolt           Conj/Air       #.........   88%         5    ######.


Dungeon Overview and Level Annotations

Branches:
Dungeon (3/15)

Altars:
Xom

Annotations:
D:2 Terence


Innate Abilities, Weirdness & Mutations

You have a beak for a mouth.
You have claws for feet.


Message History

You feel magically purged.
You feel yourself slow down. The giant cockroach bites you.
* * * LOW HITPOINT WARNING * * *
It was a potion of degeneration.
There was something very wrong with that liquid.
You feel weakened.
You feel dopey.
You feel clumsy. The giant cockroach bites you.
* * * LOW HITPOINT WARNING * * *
The orc wizard begins to cast a cantrip, but forgets the words!
It was a potion of curing.
You feel better. The giant cockroach barely misses you.
The orc wizard mumbles some strange words.
The orc wizard seems to speed up.
The giant cockroach closely misses you.
You closely miss the orc wizard. Your kick misses the orc wizard.
The orc wizard hits you but does no damage.
The giant cockroach bites you.
The orc wizard gestures at you while chanting.
The puff of flame hits you!
* * * LOW HITPOINT WARNING

* * * ##... #
.... # #. #...
.# ..o#... #.
o.o..##. ##
o.... .. #..#
.#
#######[##.####
#gs@oo.........
#s#####<##.####
#. #.# # .. #.#
#.g #.# #s. #.#
#.. #.# #.. #)#
#.#


You could see an orc wizard, an orc, 2 giant cockroaches and a goblin.

Vanquished Creatures
  A dart slug (D:2)
  2 leopard geckos
  3 orcs (D:3)
  5 bats
  3 goblins
  3 hobgoblins (D:1)
  8 jackals (D:1)
  A ball python (D:1)
  2 frilled lizards (D:1)
  7 kobolds
  5 rats (D:1)
40 creatures vanquished.

Vanquished Creatures (others)
  4 toadstools (D:1)
4 creatures vanquished.

Grand Total: 44 creatures vanquished

Notes
Turn   | Place    | Note
-------+----------+-------------------------------------------
     0 | D:1      | iamserjio the Tengu Air Elementalist began the quest for
                  | the Orb.
     0 | D:1      | Reached XP level 1. HP: 10/10 MP: 4/4
    71 | D:1      | Reached XP level 2. HP: 4/15 MP: 1/6
   108 | D:1      | Reached skill level 1 in Unarmed Combat
   200 | D:1      | Reached XP level 3. HP: 9/20 MP: 0/7
   333 | D:1      | HP: 1/20 [hobgoblin (4)]
   393 | D:2      | Found a shimmering altar of Xom.
   393 | D:2      | Found a shimmering altar of Xom.
   424 | D:2      | Reached skill level 1 in Fighting
   527 | D:2      | Noticed Terence
   597 | D:3      | Quit the game

Vault maps used:
D:1:      ldierk_walled_garden_2
D:2:      xom_redecorated, hangedman_decor_push, item_on_display_a,
          uniq_terence, uniq_robin
D:3:      lemuel_round_altar, first_ration, lemuel_angel_altar

Skill      XL: |  1  2  3 |
---------------+----------+-----
Unarmed Combat | 1 2 |  2.1
Conjurations   | 2 |  2.0
Fighting       | 1 |  1.1
Dodging        | |  2.2
Stealth        | |  2.0
Spellcasting   | |  2.0
Air Magic      | |  4.5

Action                   || total
-------------------------++-------
Melee: Unarmed           ||    63
       Kick              ||     9
       Peck              ||     9
 Cast: Shock             ||    46
  Use: Potion            ||     4
Armor: Robe              ||    15
Dodge: Dodged            ||    48

Table legend:
 A = Non-vault XP
 B = Vault XP
 C = Vault XP percentage of total XP
 D = Non-vault monster count
 E = Vault monster count
 F = Vault count percentage of total count
                 A         B        C        D         E       F
            +---------+---------+-------+---------+---------+-------
      Total |      72 |       0 |   0.0 |      40 |       0 |   0.0
            +---------+---------+-------+---------+---------+-------
        D:1 |      49 |       0 |   0.0 |      30 |       0 |   0.0
        D:2 |      14 |       0 |   0.0 |       7 |       0 |   0.0
        D:3 |       9 |       0 |   0.0 |       3 |       0 |   0.0
            +---------+---------+-------+---------+---------+-------
